Map: Ghost River LE

Players

Geralt (Gerald) - Winner!

  • Race: Protoss Protoss
  • League: Grandmaster
  • Spawn Location: 1:00

Moja

  • Race: Terran Terran
  • League: Grandmaster
  • Spawn Location: 11:00

Event: HomeStory Cup XXV

VOD

Have the link to the VOD?

Description

Time

  • Played on: June 21, 2024, 1:13 p.m.
  • Length: 24:00

All games in this series

Show
View Real Time Build Order
Export as new Build Order

Geralt Protoss - Winner!

Build Orders: 1 Gate Expand, Blink Stalkers 

Get SALT Encoding   

  12  0:00  Probe  
  13  0:12  Probe  
  14  0:17  Pylon  
  14  0:24  Probe (Chrono Boost)  
  16  0:36  Gateway  
  16  0:37  Probe (Chrono Boost)  
  16  0:42  Probe (Chrono Boost)  
  16  0:45  Assimilator  
  17  0:51  Probe  
  18  1:03  Probe  
  19  1:15  Probe  
  20  1:23  Cybernetics Core  
  20  1:26  Zealot  
  23  1:38  Nexus  
  22  1:44  Pylon  
  23  1:47  Probe  
  23  1:54  Assimilator  
  23  2:02  Probe  
  23  2:04  Adept (Chrono Boost)  
  26  2:13  Warp Gate  
  26  2:14  Probe  
  26  2:24  Adept (Chrono Boost)  
  26  2:26  Probe  
  29  2:38  Probe  
  29  2:44  Twilight Council  
  30  2:50  Probe  
  31  2:52  Probe  
  31  2:56  Stalker  
  34  3:02  Probe  
  34  3:04  Probe  
  36  3:14  Probe  
  36  3:16  Probe  
  38  3:21  Blink (Chrono Boost)  
  38  3:22  Pylon  
  38  3:26  Stalker (Chrono Boost)  
  38  3:27  Probe  
  39  3:28  Probe  
  42  3:39  Probe  
  42  3:40  Probe  
  44  3:41  Gateway  
  44  3:45  Shield Battery  
  44  3:51  Shield Battery, Probe  
  44  3:52  Probe  
  46  4:01  Stalker  
  48  4:03  Probe  
  48  4:05  Probe  
  48  4:08  Robotics Facility  
  50  4:12  Pylon  
  50  4:15  Probe  
  51  4:18  Probe  
  52  4:25  Stalker  
  52  4:29  Assimilator  
  52  4:30  Probe x2  
  52  4:31  Assimilator  
  56  4:33  Pylon  
  56  4:34  Pylon  
  56  4:36  Stalker  
  52  4:47  Probe  
  52  4:51  Probe  
  54  4:59  Probe  
  55  5:00  Stalker  
  55  5:01  Stalker, Observer (Chrono Boost)  
  60  5:14  Nexus  
  60  5:15  Probe (Chrono Boost)  
  62  5:23  Robotics Bay, Probe (Chrono Boost)  
  62  5:24  Observer  
  62  5:26  Probe (Chrono Boost)  
  64  5:32  Probe (Chrono Boost)  
  64  5:33  Stalker  
  67  5:41  Probe  
  68  5:44  Stalker  
  68  5:46  Probe  
  68  5:48  Forge  
  71  5:53  Probe  
  72  5:57  Immortal (Chrono Boost)  
  72  5:58  Probe  
  77  6:05  Probe  
  77  6:10  Probe, Protoss Ground Weapons Level 1  
  77  6:17  Probe  
  76  6:18  Stalker  
  76  6:21  Gateway  
  76  6:22  Gateway  
  78  6:26  Probe  
  78  6:29  Pylon, Probe x2  
  78  6:31  Shield Battery  
  81  6:37  Colossus (Chrono Boost)  
  81  6:38  Probe  
  82  6:41  Extended Thermal Lance (Chrono Boost), Probe x2  
  90  6:51  Pylon  
  90  6:52  Sentry  
  90  6:53  Zealot  
  94  6:57  Probe  
  94  6:58  Probe x2  
  97  7:09  Probe  
  97  7:10  Probe  
  97  7:11  Probe  
  98  7:18  Gateway x2  
  98  7:20  Colossus (Chrono Boost)  
  98  7:21  Probe  
  98  7:22  Probe  
  106  7:24  Pylon  
  107  7:33  Zealot  
  107  7:34  Probe  
  107  7:35  Pylon  
  107  7:36  Pylon  
  109  7:38  Pylon  
  109  7:42  Probe  
  109  7:44  Gateway  
  110  7:49  Gateway  
  110  7:53  Probe  
  110  7:54  Assimilator, Templar Archives  
  110  7:57  Zealot x4  
  110  7:58  Assimilator  
  119  8:02  Charge (Chrono Boost), Probe  
  120  8:08  Colossus (Chrono Boost)  
  126  8:23  Nexus  
  126  8:24  Pylon  
  126  8:31  Zealot x5  
  126  8:34  Pylon  
  136  8:40  Pylon, Psionic Storm  
  136  8:44  Probe  
  136  8:46  Pylon  
  135  8:49  High Templar x2  
  135  8:52  Probe  
  135  8:54  Protoss Ground Weapons Level 2 (Chrono Boost)  
  140  8:58  Probe  
  140  9:00  Zealot x4, High Templar  
  140  9:01  Photon Cannon  
  140  9:02  Shield Battery  
  151  9:05  Probe  
  152  9:13  Disruptor (Chrono Boost), Probe x2  
  158  9:18  Zealot  
  158  9:20  Probe  
  158  9:23  Forge  
  161  9:25  Probe  
  161  9:28  Stalker, Probe  
  161  9:29  Stalker x2, Zealot  
  171  9:44  Stalker x4  
  177  9:46  Disruptor  
  177  9:47  Probe  
  182  10:07  Zealot x3  
  182  10:10  Gateway  
  182  10:11  Gateway  
  188  10:14  Pylon x2  
  188  10:16  Protoss Ground Armor Level 1 (Chrono Boost)  
  188  10:17  Pylon  
  188  10:20  Probe  
  181  10:21  Probe  
  170  10:30  Stalker x8  
  170  10:32  Disruptor  
  188  10:40  Archon  
  132  10:54  Stalker x8  
  130  11:03  Probe x2  
  126  11:06  Assimilator  
  126  11:07  Disruptor, Probe  
  126  11:08  Assimilator  
  126  11:10  High Templar x2  
  135  11:15  Probe x2  
  137  11:19  Observer, Probe  
  137  11:22  Nexus, Gravitic Drive  
  138  11:26  Zealot  
  138  11:27  Zealot x5  
  138  11:28  Protoss Ground Weapons Level 3 (Chrono Boost)  
  149  11:35  Probe  
  149  11:39  Probe  
  151  11:41  Disruptor (Chrono Boost), Probe  
  151  11:43  Pylon  
  156  11:48  Zealot x4, High Templar  
  156  11:49  Zealot x5  
  156  11:53  Robotics Facility  
  176  12:03  Probe  
  176  12:07  Protoss Ground Armor Level 2 (Chrono Boost)  
  177  12:13  Zealot x3  
  177  12:14  Zealot x6  
  195  12:18  Disruptor (Chrono Boost)  
  199  12:32  Archon  
  193  12:42  Disruptor (Chrono Boost)  
  193  12:43  Stalker x5  
  193  12:44  Stalker x5  
  187  12:45  Probe  
  187  12:47  Probe  
  173  12:52  Probe  
  173  12:57  Probe  
  173  12:59  Disruptor (Chrono Boost)  
  173  13:03  Probe  
  173  13:04  Probe  
  173  13:08  Pylon  
  173  13:09  Nexus  
  173  13:11  Pylon  
  161  13:13  High Templar x2  
  161  13:14  Zealot x7  
  173  13:30  Probe  
  173  13:33  Zealot  
  176  13:43  Zealot x7  
  176  13:48  Disruptor x2 (Chrono Boost)  
  192  14:01  Protoss Shields Level 1  
  170  14:04  Stalker x6  
  170  14:05  Stalker x4  
  182  14:13  Probe  
  171  14:21  Disruptor x2 (Chrono Boost)  
  165  14:27  Stalker  
  165  14:28  Stalker x9  
  162  14:39  Pylon  
  162  14:43  Shield Battery  
  155  14:49  Colossus (Chrono Boost)  
  155  14:52  Stalker x6  
  165  14:53  Colossus (Chrono Boost)  
  138  15:22  Zealot x10  
  135  15:41  Disruptor (Chrono Boost)  
  139  15:47  High Templar x2  
  139  15:52  Disruptor, Nexus  
  143  15:57  Zealot x2  
  137  16:11  Zealot x4  
  133  16:15  High Templar  
  133  16:16  High Templar  
  133  16:17  Probe  
  138  16:28  Pylon  
  138  16:32  Zealot x4  
  146  16:50  Probe x2  
  142  16:54  Zealot x6  
  150  17:02  Probe  
  150  17:06  Disruptor  
  155  17:15  Disruptor  
  142  17:32  Zealot x10  
  147  17:42  Disruptor (Chrono Boost)  
  133  18:00  Observer  
  133  18:15  Nexus  
  133  18:41  Disruptor x2  
  133  18:43  Probe  
  142  18:50  Probe  
  142  18:55  Assimilator  
  143  19:05  Zealot x5  
  153  19:17  Disruptor  
  153  19:20  Zealot  
  151  19:42  Zealot x5  
  160  19:49  High Templar x2  
  163  20:03  Zealot  
  163  20:04  Zealot x3  
  163  20:06  Pylon  
  169  20:16  Zealot x3, High Templar  
  167  20:36  Protoss Ground Armor Level 3 (Chrono Boost)  
  165  20:43  Zealot  
  165  20:44  Zealot x5  
  165  20:47  Archon  
  169  20:50  Zealot x2  
  157  20:57  Stalker  
  159  21:07  Zealot x3  
  163  21:17  High Templar x3  
  163  21:35  Zealot  
  163  21:36  Zealot x2  
  165  21:53  Nexus  
  163  22:01  Zealot, High Templar  
  167  22:21  Zealot  
  167  22:22  Zealot  
  159  22:28  Stalker  
  161  22:49  Zealot x2  
  157  23:00  Archon  
  133  23:07  Archon  
  133  23:10  Stalker x3  
  129  23:19  High Templar  
  127  23:20  High Templar x5  
  137  23:29  Archon x2  
  127  23:53  Archon  
  127  23:54  Stalker x7  
Show
View Real Time Build Order
Export as new Build Order

Moja Terran 

Build Orders: Cyclone Opening, Gas First Reaper Expand 

Get SALT Encoding   

  12  0:00  SCV  
  13  0:12  SCV  
  14  0:17  Supply Depot  
  14  0:24  SCV  
  14  0:27  Refinery  
  15  0:38  SCV  
  16  0:43  Barracks  
  16  0:50  SCV  
  17  1:02  SCV  
  18  1:14  SCV  
  19  1:30  Orbital Command, Reaper  
  20  1:41  Command Center  
  20  1:55  SCV  
  20  1:56  Factory  
  21  2:03  Barracks Reactor  
  21  2:07  SCV  
  22  2:11  Supply Depot  
  22  2:15  Refinery  
  22  2:20  SCV  
  23  2:33  SCV  
  24  2:42  Starport  
  24  2:45  SCV  
  24  2:48  Hellion  
  24  2:50  Cyclone  
  29  2:55  Orbital Command  
  29  2:58  SCV  
  30  3:10  SCV  
  30  3:12  Hellion  
  32  3:21  SCV  
  32  3:23  Hellion  
  32  3:25  SCV  
  35  3:31  Orbital Command  
  36  3:38  SCV  
  36  3:47  Hellion  
  36  3:48  Medivac  
  40  3:50  Supply Depot, SCV  
  41  3:58  SCV  
  41  3:59  Barracks Tech Lab  
  42  4:03  SCV  
  43  4:10  SCV  
  43  4:15  SCV  
  45  4:22  SCV  
  46  4:27  Siege Tank, Marine x2  
  46  4:28  SCV  
  52  4:34  SCV, Command Center  
  53  4:40  SCV  
  52  4:46  SCV  
  52  4:52  SCV  
  54  4:56  Barracks  
  54  4:57  Barracks  
  54  5:00  Engineering Bay x2  
  54  5:01  Supply Depot  
  54  5:05  Bunker  
  54  5:11  Stimpack  
  54  5:13  SCV x2, Marauder  
  58  5:17  Barracks  
  58  5:19  Barracks  
  58  5:22  Refinery  
  58  5:25  SCV x2  
  60  5:34  Marauder  
  60  5:37  SCV x2  
  60  5:46  Barracks Tech Lab, Marine  
  60  5:48  Terran Infantry Weapons Level 1  
  60  5:49  SCV x2, Terran Infantry Armor Level 1  
  59  5:52  Refinery  
  59  5:55  Orbital Command  
  59  5:56  Marauder  
  59  5:58  Starport Reactor  
  59  6:01  SCV x2  
  61  6:08  Marine x2  
  61  6:13  SCV x2  
  61  6:17  Marauder  
  62  6:18  Barracks Reactor  
  62  6:22  Marauder  
  62  6:25  Supply Depot, SCV x2  
  66  6:26  Marine  
  66  6:29  SCV  
  66  6:30  Barracks Tech Lab  
  66  6:32  Supply Depot, Marine  
  68  6:36  Medivac  
  68  6:37  SCV x2  
  68  6:38  Medivac  
  75  6:41  SCV  
  75  6:43  Marauder  
  78  6:47  Marauder, Armory  
  78  6:49  SCV  
  78  6:50  Marauder  
  78  6:51  SCV  
  78  6:52  Concussive Shells  
  84  6:55  Marine x2  
  84  6:59  Marine  
  87  7:04  SCV  
  87  7:05  Marauder  
  90  7:10  Combat Shield, Orbital Command  
  90  7:11  Marine  
  90  7:12  Barracks Tech Lab, Marauder  
  90  7:13  Medivac x2  
  96  7:20  Marine  
  96  7:21  SCV  
  97  7:26  Marauder  
  97  7:27  Barracks  
  97  7:28  Marine  
  97  7:29  Barracks  
  100  7:30  Barracks  
  100  7:33  Marauder  
  101  7:38  Marine  
  101  7:39  Supply Depot, Marine, Marauder  
  101  7:40  Supply Depot, Marine  
  106  7:46  Marine  
  106  7:47  Marauder  
  106  7:48  SCV x2  
  106  7:51  Medivac  
  113  7:52  Medivac  
  113  7:54  SCV  
  113  7:58  Supply Depot  
  116  7:59  Terran Infantry Weapons Level 2  
  116  8:01  Marauder  
  116  8:05  Terran Infantry Armor Level 2  
  118  8:08  Marine  
  118  8:09  Marauder  
  118  8:10  Marine, Marauder  
  124  8:13  Marine  
  124  8:18  Marine  
  124  8:19  Barracks Tech Lab x2  
  126  8:23  Marauder  
  126  8:26  Barracks Tech Lab  
  128  8:29  Supply Depot x2  
  128  8:30  Marauder  
  128  8:32  Marauder  
  132  8:39  Supply Depot  
  132  8:44  Marine, Marauder  
  132  8:45  Marauder  
  132  8:46  Marine x2, Marauder  
  141  8:51  Marauder x2  
  141  8:53  Supply Depot, Marine  
  141  8:54  Marauder  
  146  9:02  Marine  
  147  9:03  Marine  
  147  9:04  Marine, Medivac  
  147  9:05  Marauder  
  147  9:06  Marauder  
  147  9:07  Marauder  
  157  9:11  Marine  
  157  9:12  Marauder  
  157  9:13  Marauder  
  157  9:15  Marauder  
  164  9:19  Supply Depot  
  164  9:20  Marine  
  164  9:21  Medivac  
  167  9:28  Ghost Academy  
  167  9:31  SCV x3, Refinery x2  
  170  9:34  Medivac  
  170  9:40  Marine  
  170  9:41  Marauder  
  170  9:43  Marine  
  170  9:44  Marine, Marauder  
  170  9:45  Marauder  
  173  9:47  SCV  
  173  9:50  Marine  
  173  9:51  Medivac  
  181  9:57  Supply Depot  
  179  10:00  Ghost x3  
  179  10:05  Marine  
  179  10:06  Marauder  
  182  10:07  Marine, Marauder  
  182  10:11  Supply Depot  
  180  10:28  Marine, Marauder  
  181  10:29  Marine  
  181  10:30  Marauder  
  181  10:34  Command Center  
  184  10:37  Marine  
  184  10:38  Marauder  
  184  10:39  Marine  
  184  10:40  Marine, Marauder  
  184  10:41  Marauder  
  163  10:45  Marine  
  163  10:47  Marine  
  136  10:50  Marauder  
  136  10:51  Marauder  
  136  10:55  Marine  
  113  10:57  Marine  
  113  10:59  Marauder x2  
  113  11:00  Marine  
  113  11:02  Marauder  
  113  11:03  Marine  
  115  11:05  Marine  
  115  11:08  Viking x2  
  115  11:11  Marauder  
  122  11:12  Marauder  
  122  11:13  Marine  
  122  11:15  Marine  
  126  11:19  Marauder  
  126  11:20  Marauder  
  126  11:21  Ghost  
  126  11:23  Ghost  
  134  11:28  Marine  
  134  11:29  Marine  
  134  11:31  Ghost  
  138  11:33  Ghost  
  138  11:34  Marine  
  138  11:36  SCV x2  
  138  11:38  Viking x2  
  138  11:39  Ghost  
  147  11:42  Marine  
  147  11:43  Marauder  
  151  11:50  Marine, Ghost  
  151  11:51  Ghost  
  156  11:56  Marine  
  156  12:01  Marauder  
  159  12:02  Ghost  
  159  12:04  Marauder, Terran Infantry Weapons Level 3  
  162  12:13  Planetary Fortress  
  162  12:15  Missile Turret  
  162  12:17  Marine x2  
  162  12:18  Marine x2  
  162  12:19  Viking x2  
  162  12:20  Marauder  
  171  12:24  Marine, Marauder  
  173  12:30  Marine  
  173  12:31  Marauder  
  173  12:34  Marauder  
  173  12:35  Marine  
  157  12:39  Marine  
  157  12:41  Marauder  
  157  12:42  Marauder  
  134  12:44  Marine  
  134  12:46  Marauder  
  134  12:47  Marine  
  134  12:48  Marauder  
  121  12:52  Orbital Command  
  121  12:56  Marine, Marauder  
  122  13:02  Marine, Marauder  
  122  13:04  Marine, Marauder  
  123  13:11  Marauder  
  117  13:13  Marine  
  115  13:20  Marine  
  115  13:21  Marine, Marauder x2  
  115  13:26  Marine  
  115  13:27  Marauder  
  122  13:29  Marauder  
  122  13:31  Marine  
  122  13:32  Marauder  
  127  13:38  Marine  
  127  13:39  Marauder  
  130  13:42  Marine  
  130  13:43  Marauder  
  130  13:44  Marine  
  130  13:47  SCV x2  
  130  13:48  Marauder  
  132  13:58  Marine, Marauder  
  132  14:00  Marine, Marauder  
  132  14:01  Medivac x2  
  139  14:08  Marine x2  
  139  14:09  Marauder x2  
  143  14:14  Marauder  
  143  14:15  Marine  
  136  14:18  Marine  
  136  14:20  Marauder  
  136  14:22  Marauder  
  127  14:27  Marine  
  117  14:44  Marauder  
  106  14:47  Marine  
  106  14:55  Marine, Marauder  
  109  15:03  Marine  
  109  15:04  Marauder  
  112  15:07  Marauder  
  109  15:17  Marine, Marauder  
  99  15:26  Marine  
  99  15:27  Marauder  
  98  15:31  Marine  
  98  15:32  Marauder  
  98  15:34  Marine, Marauder  
  98  15:35  Medivac x2  
  108  15:37  Marine  
  109  15:49  Marine  
  112  15:50  Marauder  
  112  15:53  Marine  
  112  15:54  Marauder  
  115  15:59  Marine, Marauder  
  107  16:05  Marine, Medivac  
  107  16:06  Marauder  
  107  16:10  Marine, Marauder  
  107  16:11  Marine, Marauder, Medivac  
  111  16:14  Marine  
  111  16:16  Marine  
  114  16:21  Marauder  
  112  16:26  Marine  
  112  16:27  Marauder  
  112  16:28  Marine  
  116  16:34  Marine, Marauder  
  116  16:35  Marine  
  120  16:46  Marine, Marauder  
  122  16:47  Marine  
  122  16:48  Marauder  
  124  16:54  Marauder x2  
  124  16:57  Marine, Marauder  
  124  17:01  Marine  
  127  17:12  Marine, Marauder  
  130  17:15  Marine  
  130  17:16  Marauder  
  130  17:18  Marine, Marauder  
  130  17:19  Marine, Marauder  
  139  17:28  Marauder  
  139  17:29  Marine  
  124  17:33  Marine, Marauder  
  124  17:35  Marine  
  120  17:37  Marauder  
  120  17:40  Marine  
  120  17:41  Marauder  
  83  17:58  Marine  
  83  17:59  Marine, Marauder x4  
  83  18:00  Marine  
  94  18:05  Marauder  
  94  18:09  Marine  
  95  18:20  Marauder x2  
  95  18:22  Marauder  
  95  18:26  Marine  
  104  18:27  Marauder  
  104  18:29  Marauder  
  104  18:31  Marine  
  107  18:36  Marine  
  106  18:42  Marine, Marauder x2  
  111  18:50  Marauder  
  111  18:51  Marine, Marauder  
  111  18:55  Marine, Marauder  
  112  19:03  Marauder  
  112  19:04  Marauder  
  116  19:11  Marine x2  
  116  19:12  Marauder  
  116  19:14  Marine  
  121  19:18  Marauder  
  120  19:25  Marine  
  120  19:26  Marauder  
  120  19:27  Marine  
  120  19:28  Marauder  
  123  19:33  Marauder  
  113  19:39  Marine  
  113  19:40  Marauder  
  116  19:46  Marauder  
  116  19:49  Marine, Marauder  
  116  19:51  Marauder  
  123  19:58  Marine  
  123  19:59  Marine, Marauder  
  127  20:06  Marine, Marauder  
  130  20:12  Marine  
  130  20:13  Marauder  
  132  20:15  Marine  
  132  20:17  Marine  
  129  20:24  Marauder  
  131  20:32  Marine, Marauder  
  131  20:33  Marine  
  124  20:44  Marine, Marauder  
  124  20:45  Marauder  
  124  20:48  Marauder  
  124  20:49  Marine  
  126  20:50  Marine  
  126  20:56  Medivac  
  120  21:00  Medivac  
  120  21:04  Marauder  
  119  21:23  Marine, Marauder  
  119  21:25  Marine  
  119  21:26  Marauder  
  119  21:32  Marine  
  122  21:33  Marauder  
  122  21:39  Marauder  
  119  21:51  Marine, Marauder  
  115  21:59  Marine, Marauder  
  118  22:05  Marine  
  114  22:20  Marine  
  114  22:21  Marauder  
  107  22:38  Marauder x2  
  107  22:43  Marauder  
  113  22:49  Marine  
  113  22:50  Marauder  
  112  22:57  Marauder  
  106  22:59  Marine  
  106  23:04  Marauder  
  84  23:06  Marine  
  84  23:09  Orbital Command, Marine  
  73  23:20  Marauder  
  73  23:26  Marine  
  77  23:27  Marauder  
  77  23:28  Marine  
  77  23:33  Marine  
  78  23:40  Marine  
Tags
 
Add a new tag
Caveats
  • Supply blocks, unpowered buildings, or Contaminate may cause inaccurate times.
  • Supply counts are checked every 10 seconds.